 Dungeon Sprint DCSS version 0.30-a0-867-g305f33218d (webtiles) character file.

Game seed: 2220582861667235853

67314 BigDaddyOpFi the End of an Era (level 15, -3/162 HPs)
             Began as a Hill Orc Fighter on Mar 10, 2023.
             Was the Champion of Qazlal.
             Slain by a hellephant (11 damage)
             ... in the Dungeon (Sprint VII: "The Pits").
             The game lasted 00:08:22 (4215 turns).

BigDaddyOpFi the End of an Era (Hill Orc Fighter)   Turns: 4215, Time: 00:08:23

Health: -3/162     AC: 36    Str: 27    XL:     15   Next: 22%
Magic:  32/32      EV: 12    Int:  8    God:    Qazlal [******]
Gold:   28         SH:  8    Dex: 15    Spells: 14/14 levels left

rFire   + + +      SeeInvis +    y - +7 great mace "Firestarter" {flame, inner flame, rFlCloud rF++}
rCold   . . .      Faith    .    (shield currently unavailable)
rNeg    . . .      Spirit   .    B - +10 chain mail "Rucug" {Dex+2}
rPois   .          Reflect  .    E - +0 helmet {SInv}
rElec   .          Rampage  .    D - +1 cloak
rCorr   .          NoTele   +    A - +1 pair of gloves
Will    +....                    z - +1 pair of boots Stlth
                                 m - amulet of the acrobat
HPRegen 0.47/turn                b - +3 ring of evasion
MPRegen 0.23/turn                d - +3 ring of dexterity

@: protected from fire, repel missiles
A: no striking features
a: Renounce Religion, Upheaval, Elemental Force, Disaster Area


You were in the Dungeon.
You worshipped Qazlal.
Qazlal was exalted by your worship.
You visited 1 branch You collected 28 gold pieces.

Inventory:

Hand Weapons
 n - a +9 heavy broad axe
 y - the +7 great mace "Firestarter" (weapon) {flame, inner flame, rFlCloud rF++}
   (You found it in the Dungeon)

   rFlCloud:  It grants immunity to clouds of flame.
   rF:        It greatly protects you from fire.
Armour
 z - a +1 pair of boots (worn)
 A - a +1 pair of gloves (worn)
 B - the +10 chain mail "Rucug" (worn) {Dex+2}
   (You found it in the Dungeon)

   Dex:       It affects your dexterity (+2).
 C - a +0 tower shield
 D - a +1 cloak (worn)
 E - a +0 helmet of see invisible (worn)
Jewellery
 b - a +3 ring of evasion (left hand)
 d - a +3 ring of dexterity (right hand)
 l - an amulet of reflection
 m - an amulet of the acrobat (around neck)
 q - a ring of ice
 r - a ring of fire
 w - a ring of protection from cold
 x - a +6 ring of strength
Scrolls
 j - 2 scrolls of blinking
 o - a scroll of identify
 p - 4 scrolls of fear
Potions
 a - a potion of ambrosia {unknown}
 c - a potion of cancellation {unknown}
 e - 7 potions of curing
 g - a potion of haste
 h - 2 potions of magic
 i - 5 potions of berserk rage
 k - 2 potions of invisibility
 t - 3 potions of lignification
 u - a potion of brilliance
 v - 2 potions of might
Miscellaneous
 s - a phantom mirror


   Skills:
 + Level 22.4 Fighting
 - Level 22.9(23.3) Axes
 + Level 6.7(14.4) Maces & Flails
 + Level 20.9 Armour
 + Level 20.7 Shields
 O Level 27 Invocations


You had 14 spell levels left.
You didn't know any spells.
Your spell library contained the following spells:

 Spells                   Type           Power      Damage    Failure   Level
 Cigotuvi's Dreadful Rot  Necr/Pois/Air  0%         N/A       88%         2
 Poisonous Vapours        Pois/Air       0%         N/A       88%         2
 Frozen Ramparts          Ice            0%         1d1       98%         3
 Mephitic Cloud           Conj/Pois/Air  0%         N/A       98%         3
 Ice Form                 Ice/Tmut       0%         N/A       100%        4
 Summon Ice Beast         Ice/Summ       0%         N/A       100%        4
 Alistair's Intoxication  Tmut/Pois      0%         N/A       100%        5
 Borgnjor's Vile Clutch   Necr/Erth      0%         N/A       100%        5
 Eringya's Noxious Bog    Tmut/Pois      0%         N/A       100%        6
 Simulacrum               Ice/Necr       0%         N/A       100%        6
 Ozocubu's Refrigeration  Ice            0%         4d7       100%        7


Dungeon Overview and Level Annotations

Branches:
Dungeon (1/1)

Altars:
Ashenzari
Cheibriados
Dithmenos
Elyvilon
Fedhas
Gozag
Hepliaklqana
Kikubaaqudgha
Makhleb
Nemelex Xobeh
Okawaru
Qazlal
Ru
Sif Muna
Trog
Uskayaw
Vehumet
Wu Jian
Xom
Yredelemnul
Zin
The Shining One
Beogh
Jiyva
Lugonu


Message History

The hellephant is severely wounded.
The hellephant blinks!
The hellephant blinks!
c - a white potion
There is an open door, spattered with blood here.
Items here: (( ))) [[.
Found a scroll of magic mapping.
The hellephant's inner flame fades away.
The hellephant blinks!
A hellephant is nearby!
A hellephant is nearby!
The hellephant breathes flames at you. The blast of flame hits you!!
You resist.
* * * LOW HITPOINT WARNING * * *
You hear a sizzling sound!
You bludgeon the hellephant!! You burn the hellephant.
The hellephant is filled with an inner flame.
The hellephant is almost dead.
The hellephant barely misses you. The hellephant completely misses you.
The hellephant gores you but does no damage.
You closely miss the hellephant.
The hellephant is almost dead.
The hellephant blinks!
The hellephant breathes flames at you. The blast of flame misses you.
There is an open door, spattered with blood here.
Items here: (( ))) [[.
The hellephant blinks!
The hellephant blinks!
The hellephant breathes flames at you. The blast of flame hits you!!
You resist.
You feel protected from fire.
* * * LOW HITPOINT WARNING * * *
The hellephant's inner flame fades away.
You closely miss the hellephant.
The hellephant is almost dead.
The hellephant is engulfed in blazing flames.
The hellephant tramples you but does no damage.
The hellephant bites you!
You die...

............#..... ..# ....
#....#..... ..#
#'###...[)..... ..# #
#....)...#######.##
####.###..##.............#
..........##.=...[[)))..)#
.........§..##(#####.#####
###'###.#..○#☼....#)..[..###
....[..#☼Y@.............##.
...≈≈..)#)..#°°..........##.
.)≈........#..)..#......''.
.)..).)#...#|....#..)...''.
##########################.
#####################.
...................''.
...................''.
.#######÷########..##.


You could see a hellephant (catching breath).

Vanquished Creatures
  Saint Roka (D)
  A deep elf master archer (D)
  A Hell Sentinel (D)
  A sphinx (D)
  3 shadow dragons (D)
  Donald (D)
  A nagaraja (D)
  A frost giant (D)
  An emperor scorpion (D)
  A deep elf sorcerer (D)
  Louise (D)
  3 orc warlords (D)
  A war gargoyle (D)
  A spriggan defender (D)
  A green draconian (D)
  A vampire knight (D)
  A lorocyproca (D)
  A deep elf annihilator (D)
  2 dire elephants (D)
  A red draconian (D)
  A purple draconian (D)
  An ettin (D)
  2 merfolk javelineers (D)
  2 minotaurs (D)
  A merfolk impaler (D)
  Josephine (D)
  A deep elf high priest (D)
  2 great orbs of eyes (D)
  2 hydras (D)
  An alligator snapping turtle (D)
  3 catoblepae (D)
  A death knight (D)
  5 naga warriors (D)
  A vampire mage (D)
  2 deep elf knights (D)
  2 soul eaters (D)
  An iron troll (D)
  2 shadow wraiths (D)
  2 deep trolls (D)
  A sea snake (D)
  A phantasmal warrior (D)
  3 swamp dragons (D)
  12 orc knights (D)
  An orc sorcerer (D)
  3 manticores (D)
  A cyclops (D)
  A black mamba (D)
  2 elephants (D)
  2 merfolk sirens (D)
  2 naga magi (D)
  2 freezing wraiths (D)
  A komodo dragon (D)
  A komodo dragon (shapeshifter) (D)
  2 efreet (D)
  A yaktaur (D)
  A guardian mummy (D)
  2 wandering mushrooms (D)
  4 merfolk (D)
  A hellwing (D)
  A troll (D)
  A polar bear (D)
  Prince Ribbit (D)
  2 shadows (D)
  An air elemental (D)
  A vampire (D)
  A wyvern (D)
  3 wraiths (D)
  A yak (shapeshifter) (D)
  A fire elemental (D)
  Grum (D)
  3 vampire mosquitoes (D)
  2 redbacks (D)
  A steam dragon (D)
  2 wargs (D)
  A large abomination (D)
  5 nagas (D)
  A water moccasin (D)
  2 floating eyes (D)
  3 hell hounds (D)
  2 orc warriors (D)
  2 swamp drakes (D)
  9 wolves (D)
  5 ogres (D)
  2 centaurs (D)
  A gnoll sergeant (D)
  3 earth elementals (D)
  5 wights (D)
  9 killer bees (D)
  2 crimson imps (D)
  A hound (D)
  A gnoll bouda (D)
  An orc priest (D)
  An iron imp (D)
  A hell rat (D)
  A small abomination (D)
  7 gnolls (D)
  An ufetubus (D)
  An adder simulacrum (D)
  9 orcs (D)
  A ball python (D)
  A bat skeleton (D)
  An endoplasm (D)
  3 hobgoblins (D)
  2 jackals (D)
  3 kobolds (D)
  A ball python simulacrum (D)
  A ball python zombie (D)
  2 bats (D)
  A frilled lizard (D)
  A giant cockroach simulacrum (D)
217 creatures vanquished.

Vanquished Creatures (collateral kills)
  Frances (D)
  A nagaraja (D)
2 creatures vanquished.

Vanquished Creatures (others)
  Ilsuiw (D)
  An orc (D)
2 creatures vanquished.

Grand Total: 221 creatures vanquished

Notes
Turn   | Place    | Note
-------+----------+-------------------------------------------
     0 | D        | BigDaddyOpFi the Hill Orc Fighter began the quest for the
                  | Orb.
     0 | D        | Reached XP level 1. HP: 19/19 MP: 1/1
    28 | D        | Found a bloodstained altar of Trog.
    28 | D        | Found a shimmering blue altar of Sif Muna.
    28 | D        | Found a viscous altar of Jiyva.
    28 | D        | Found a hazy altar of Hepliaklqana.
    28 | D        | Found an opulent altar of Gozag.
    29 | D        | Found a glowing golden altar of the Shining One.
    29 | D        | Found a glowing silver altar of Zin.
    29 | D        | Found a basalt altar of Yredelemnul.
    29 | D        | Found a shimmering altar of Xom.
    29 | D        | Found an ornate altar of the Wu Jian Council.
    29 | D        | Found a sacrificial altar of Ru.
    29 | D        | Found a stormy altar of Qazlal.
    29 | D        | Found an iron altar of Okawaru.
    29 | D        | Found a sparkling altar of Nemelex Xobeh.
    29 | D        | Found a burning altar of Makhleb.
    29 | D        | Found a blossoming altar of Fedhas.
    29 | D        | Found a white marble altar of Elyvilon.
    29 | D        | Found a shadowy altar of Dithmenos.
    29 | D        | Found a snail-covered altar of Cheibriados.
    31 | D        | Found a corrupted altar of Lugonu.
    31 | D        | Found a radiant altar of Vehumet.
    31 | D        | Found a roughly hewn altar of Beogh.
    32 | D        | Found an ancient bone altar of Kikubaaqudgha.
    32 | D        | Found a hide-covered altar of Uskayaw.
    32 | D        | Found a broken altar of Ashenzari.
    35 | D        | Became a worshipper of Qazlal Stormbringer
    63 | D        | Reached skill level 1 in Invocations
   127 | D        | Noticed a floating eye
   129 | D        | Killed a floating eye
   129 | D        | Reached * piety under Qazlal
   130 | D        | Reached skill level 5 in Fighting
   130 | D        | Reached skill level 5 in Axes
   130 | D        | Reached skill level 5 in Armour
   130 | D        | Reached skill level 5 in Shields
   130 | D        | Reached skill level 6 in Invocations
   130 | D        | Reached XP level 2. HP: 30/30 MP: 3/6
   130 | D        | Reached XP level 3. HP: 37/37 MP: 3/7
   130 | D        | Reached XP level 4. HP: 44/44 MP: 3/8
   182 | D        | Noticed a warg
   186 | D        | Reached ** piety under Qazlal
   186 | D        | Killed a warg
   187 | D        | Reached skill level 8 in Invocations
   187 | D        | Reached XP level 5. HP: 36/51 MP: 8/11
   187 | D        | Reached XP level 6. HP: 41/58 MP: 8/12
   316 | D        | Noticed Prince Ribbit
   322 | D        | Reached *** piety under Qazlal
   331 | D        | Reached skill level 9 in Invocations
   345 | D        | Reached **** piety under Qazlal
   354 | D        | Reached skill level 10 in Invocations
   365 | D        | Reached ***** piety under Qazlal
   370 | D        | Reached XP level 7. HP: 30/68 MP: 13/15
   376 | D        | Killed Prince Ribbit
   377 | D        | Reached skill level 11 in Invocations
   508 | D        | Noticed Josephine
   527 | D        | Killed Josephine
   528 | D        | Reached skill level 10 in Axes
   528 | D        | Reached skill level 13 in Invocations
   528 | D        | Reached XP level 8. HP: 57/79 MP: 15/18
   536 | D        | Reached skill level 10 in Fighting
   538 | D        | Reached ****** piety under Qazlal
   539 | D        | Reached skill level 14 in Invocations
   541 | D        | Noticed a wraith
   542 | D        | Killed a wraith
   543 | D        | Reached XP level 9. HP: 68/86 MP: 9/20
   713 | D        | Reached skill level 10 in Armour
   713 | D        | Reached skill level 15 in Invocations
   720 | D        | Reached skill level 10 in Shields
   734 | D        | Noticed a sea snake
   734 | D        | Noticed Grum
   734 | D        | Noticed a freezing wraith
   734 | D        | Noticed a guardian mummy
   735 | D        | Killed a freezing wraith
   735 | D        | Killed a sea snake
   736 | D        | Reached skill level 16 in Invocations
   739 | D        | Reached XP level 10. HP: 92/97 MP: 13/22
   742 | D        | Killed Grum
   891 | D        | Noticed a phantasmal warrior
   892 | D        | Killed a phantasmal warrior
   893 | D        | Reached skill level 17 in Invocations
  1000 | D        | Noticed a vampire mage
  1001 | D        | Noticed an elephant
  1002 | D        | Killed an elephant
  1003 | D        | Noticed a flayed ghost
  1004 | D        | Noticed a death knight
  1007 | D        | Reached skill level 18 in Invocations
  1011 | D        | Killed a vampire mage
  1019 | D        | Killed a death knight
  1039 | D        | Noticed a merfolk javelineer
  1040 | D        | Killed a merfolk javelineer
  1041 | D        | Reached skill level 19 in Invocations
  1041 | D        | Reached XP level 11. HP: 22/107 MP: 12/24
  1053 | D        | Noticed a deep troll
  1058 | D        | Noticed a cyclops
  1059 | D        | Reached skill level 20 in Invocations
  1062 | D        | Killed a deep troll
  1065 | D        | Killed a cyclops
  1066 | D        | Reached skill level 15 in Axes
  1705 | D        | Noticed an eight-headed hydra
  1707 | D        | Noticed a manticore
  1709 | D        | Killed a manticore
  1713 | D        | Killed a 12-headed hydra
  1811 | D        | Noticed a deep troll
  1818 | D        | Killed a deep troll
  1819 | D        | Reached skill level 21 in Invocations
  1884 | D        | Reached skill level 15 in Fighting
  1937 | D        | Found the +6 lightning scales {swift, rElec}
  1937 | D        | Noticed a catoblepas
  1937 | D        | Noticed a dire elephant
  1937 | D        | Noticed a purple draconian
  1938 | D        | Killed a catoblepas
  1939 | D        | Reached skill level 22 in Invocations
  1939 | D        | Reached XP level 12. HP: 121/121 MP: 17/27
  1941 | D        | Killed a dire elephant
  1943 | D        | Killed a purple draconian
  2033 | D        | Noticed an orc warlord
  2033 | D        | Noticed an orc warlord
  2035 | D        | Killed an orc warlord
  2035 | D        | Killed an orc warlord
  2036 | D        | Reached skill level 15 in Armour
  2036 | D        | Reached skill level 15 in Shields
  2036 | D        | Reached skill level 23 in Invocations
  2220 | D        | Noticed a naga warrior
  2222 | D        | Killed a naga warrior
  2223 | D        | Reached skill level 24 in Invocations
  2224 | D        | Noticed Donald
  2226 | D        | Killed Donald
  2226 | D        | Killed a deep elf knight
  2227 | D        | Reached XP level 13. HP: 132/132 MP: 12/29
  2263 | D        | Noticed a vampire knight
  2272 | D        | Paralysed by a vampire knight for 4 turns
  2279 | D        | Killed a vampire knight
  2297 | D        | Reached skill level 25 in Invocations
  2322 | D        | Noticed a deep elf sorcerer
  2325 | D        | Killed a deep elf sorcerer
  2589 | D        | Found the +7 great mace "Firestarter" {flame, inner flame,
                  | rFlCloud rF++}
  2670 | D        | Got the +10 chain mail "Rucug" {Dex+2}
  2818 | D        | Noticed a great orb of eyes
  2818 | D        | Noticed an orc warlord
  2819 | D        | Killed a great orb of eyes
  2820 | D        | Killed an orc warlord
  2820 | D        | Killed an ettin
  2820 | D        | Noticed Frances
  2821 | D        | Reached skill level 26 in Invocations
  2821 | D        | Noticed a nagaraja
  2841 | D        | Killed a nagaraja
  2842 | D        | Noticed a nagaraja
  2845 | D        | Killed Frances
  2846 | D        | Reached skill level 27 in Invocations
  2846 | D        | Reached XP level 14. HP: 56/144 MP: 17/31
  2849 | D        | Killed a nagaraja
  3165 | D        | Got the Disquisition on Refrigeration
  3447 | D        | Noticed a frost giant
  3448 | D        | Paralysed by an air elemental for 1 turns
  3450 | D        | Killed a frost giant
  3455 | D        | Noticed a shadow dragon
  3458 | D        | Noticed a shadow dragon
  3459 | D        | Noticed a deep elf annihilator
  3461 | D        | Killed a shadow dragon
  3463 | D        | Killed a deep elf annihilator
  3466 | D        | Noticed a green draconian
  3472 | D        | Killed a shadow dragon
  3479 | D        | Killed a green draconian
  3480 | D        | Noticed Saint Roka
  3485 | D        | Noticed a Hell Sentinel
  3486 | D        | Noticed a sphinx
  3487 | D        | Noticed a spriggan defender
  3491 | D        | Killed a spriggan defender
  3491 | D        | Killed Saint Roka
  3491 | D        | Killed a sphinx
  3492 | D        | Killed a Hell Sentinel
  3497 | D        | Noticed an emperor scorpion
  3515 | D        | Killed an emperor scorpion
  3815 | D        | Noticed Louise
  3828 | D        | Killed Louise
  3864 | D        | Identified the +2 quarterstaff "Ikubrom" {flame, Fragile
                  | rF++ Dex+2}
  3868 | D        | Identified the +3 great sword of Daokliop {protect, Str+3}
  3868 | D        | Noticed Ilsuiw
  3879 | D        | Killed Ilsuiw
  3884 | D        | Reached XP level 15. HP: 78/160 MP: 32/32
  4151 | D        | Noticed a hellephant
  4163 | D        | Noticed a deep elf master archer
  4165 | D        | Reached skill level 5 in Maces & Flails
  4173 | D        | Noticed a shadow dragon
  4178 | D        | Killed a deep elf master archer
  4178 | D        | Killed a shadow dragon
  4213 | D        | HP: 7/162 [hellephant/blast of flame (22)]
  4215 | D        | Slain by a hellephant

Illustrated notes

Levels and vault maps discovered:
D:        pitsprint [storerooms_1, entrance_room_1, metal_vault_3, armoury_2,
          mini_pit_1, grid_room_1, main_hall_1, silver_pit, the_coven_3,
          the_vestibule_1, steel_vault_3, golden_pit, hallway_of_sentries,
          crystal_vault_4, iron_vault_4, final_vault]

Skill      XL: |  1  2  3  4  5  6  7  8  9 10 11 12 13 14 15 |
---------------+----------------------------------------------+-----
Axes           | 5 6 8 10 12 14 16 18 20 22 | 22.9
Invocations    | 6 8 10 13 14 16 19 22 24 27 | 27.0
Fighting       | 5 6 8 9 10 11 13 15 17 18 21 22 | 22.4
Armour         | 5 6 7 9 10 12 14 15 17 20 | 20.9
Shields        | 5 6 7 9 10 12 14 15 17 20 | 20.7
Maces & Flails | 3 6 |  6.7

Action                     |  1- 3 |  4- 6 |  7- 9 | 10-12 | 13-15 || total
---------------------------+-------+-------+-------+-------+-------++-------
  Melee: War axe           |    20 |    53 |    30 |       |       ||   103
         Broad axe         |       |       |    12 |    70 |    74 ||   156
         Great mace        |       |       |       |       |    33 ||    33
 Invoke: Disaster Area     |       |       |     2 |    11 |    13 ||    26
         Elemental Force   |       |       |       |       |     1 ||     1
    Use: Potion            |       |     1 |     4 |     6 |    10 ||    21
         Scroll            |       |       |       |     8 |       ||     8
 Armour: Scale mail        |     5 |     2 |       |       |       ||     7
         Plate armour      |       |    39 |    23 |    35 |     7 ||   104
         Chain mail        |       |       |       |       |    81 ||    81
  Dodge: Dodged            |     9 |    21 |    14 |    25 |    74 ||   143
         Repelled          |       |       |       |       |     2 ||     2
  Block: Buckler           |     9 |    39 |    36 |    70 |    78 ||   232
         Other             |       |       |       |       |    22 ||    22

Table legend: (Time is in decaauts)
 A = Elapsed time spent in this place.
 B = Non-inter-level travel time spent in this place.
 C = Inter-level travel time spent in this place.
 D = Time resting spent in this place.
 E = Time spent auto-exploring this place.
 F = Levels seen in this place.
 G = Mean time per level.
                   A        B        C        D        E       F      G
               +--------+--------+--------+--------+--------+-----+--------+
         Total |   4247 |   4116 |    131 |   2614 |      0 |   1 | 4247.0 |
       Dungeon |   4247 |   4116 |    131 |   2614 |      0 |   1 | 4247.0 |
               +--------+--------+--------+--------+--------+-----+--------+

Top non-repeatable levels by time:
       D: 4247 daAuts
